 Dungeon Crawl Stone Soup version 0.28.0-47-ge53b351184 (webtiles) character file.

Game seed: 18446499077486022232

1043 101zpm the Magician (level 8, 0/50 HPs)
             Began as a Djinni Fire Elementalist on May 8, 2022.
             Was an Initiate of Hepliaklqana.
             Slain by a black bear (2 damage)
             ... on level 4 of the Dungeon.
             The game lasted 00:09:20 (5898 turns).

101zpm the Magician (Djinni Fire Elementalist)      Turns: 5898, Time: 00:09:20

Health: 0/50       AC:  2    Str:  7    XL:     8   Next: 49%
Gold:   237        EV: 13    Int: 21    God:    Hepliaklqana [......] SH:  0 Dex: 18

rFire   + + .      SeeInvis .   b - +7 short sword of Tenacity {venom, rC+ Int+2 Dex+4}
rCold   . . .      Faith    .   (no shield)
rNeg    . . .      Spirit   .   a - +0 robe
rPois   ∞          Reflect  .   (no helmet)
rElec   .          Harm     .   (no cloak)
rCorr   .          Rampage  .   (no gloves)
Will    .....                   (boots unavailable)
Stlth   ++........              (no amulet)
HPRegen 0.16/turn               (no ring)
MPRegen 0.00/turn               (no ring)

@: flying
A: sickness immunity, fire resistance 2, cold vulnerability 1, float, innate
caster, HP casting, extra vitality 1
a: Renounce Religion


You were on level 4 of the Dungeon.
You worshipped Hepliaklqana.
Hepliaklqana was noncommittal.
You visited 2 branches of the dungeon, and saw 7 of its levels.

You collected 237 gold pieces.

Inventory:

Hand Weapons
 b - the +7 short sword of Tenacity (weapon) {venom, rC+ Int+2 Dex+4}
   (You found it on level 3 of the Dungeon)

   It poisons the flesh of those it strikes.
   Int:       It affects your intelligence (+2).
   Dex:       It affects your dexterity (+4).
   rC:        It protects you from cold.
Missiles
 t - a throwing net
Armour
 a - a +0 robe (worn)
Wands
 r - a wand of polymorph (8)
Scrolls
 d - 2 scrolls of blinking {unknown}
 e - 5 scrolls of identify {unknown}
 g - a scroll of summoning {unknown}
 j - a scroll of acquirement {unknown}
 k - a scroll of holy word {unknown}
 m - 2 scrolls of teleportation {unknown}
 p - a scroll of brand weapon {unknown}
 s - a scroll of noise {unknown}
Potions
 c - a potion of heal wounds {unknown}
 f - a potion of mutation {unknown}
 h - a potion of might {unknown}
 i - 2 potions of lignification {unknown}
 l - a potion of cancellation {unknown}
 n - a potion of attraction {unknown}
 o - a potion of curing
 q - a potion of ambrosia {unknown}


   Skills:
 + Level 3.3 Dodging
 + Level 3.0 Stealth
 + Level 7.0 Spellcasting


You had 3 spell levels left.
You knew the following spells:

 Your Spells              Type           Power      Damage    Failure   Level
a - Foxfire               Conj/Fire      100%       2x1d9     1%          1
b - Scorch                Fire           74%        2d9       1%          2
c - Conjure Flame         Conj/Fire      37%        6-21      1%          3
d - Inner Flame           Hex/Fire       37%        N/A       1%          3
e - Flame Wave            Conj/Fire      37%        2d9       4%          4
f - Freeze                Ice            100%       1d11      1%          1
g - Corpse Rot            Necr/Air       74%        N/A       1%          2
h - Searing Ray           Conj           74%        2d7       1%          2
Your spell library was empty.

Dungeon Overview and Level Annotations

Branches:
Dungeon (6/15)             Temple (1/1) D:4

Altars:
Ashenzari
Cheibriados
Dithmenos
Fedhas
Gozag
Hepliaklqana
Kikubaaqudgha
Makhleb
Nemelex Xobeh
Okawaru
Qazlal
Ru
Sif Muna
Trog
Uskayaw
Vehumet
Wu Jian
Xom
Yredelemnul
Zin
The Shining One


Innate Abilities, Weirdness & Mutations

You are immune to sickness and miasma.
You are immune to poison.
Your flesh is very heat resistant. (rF++)
You are vulnerable to cold. (rC-)
You float through the air rather than walking.
You learn spells naturally, not from books.
Your magical power is your life essence.
You have superior vitality. (+4 MHP)


Message History

The flame wave engulfs the ogre!
The ogre is heavily wounded.
The flame wave engulfs the orc!
You kill the orc! (Press . to intensify the flame waves.)
The orc shouts!
The black bear misses you. x2; The black bear claws you.
The ogre hits you with a +0 giant club!!
The black bear bites you but does no damage.
The black bear barely misses you. x2
You fly upwards.
There is a stone staircase leading down here.
Casting: Flame Wave (dangerous; 4% risk of failure)
Confirm with . or Enter, or press ? or * to list all spells.
Casting: Flame Wave (dangerous; 4% risk of failure)
Press: ? - help, Dir - look around, f - activate A wave of flame ripples out!
The flame wave engulfs the ogre!
The ogre is almost dead.
The flame wave engulfs the black bear!
The black bear is heavily wounded. (Press . to intensify the flame waves.)
The ogre misses you. The black bear closely misses you.
The black bear claws you.
* * * LOW HITPOINT WARNING * * *
The black bear claws you.
* * * LOW HITPOINT WARNING * * *
Casting: Flame Wave (dangerous; 4% risk of failure)
Confirm with . or Enter, or press ? or * to list all spells.
Restarting spell: Flame Wave (dangerous; 4% risk of failure)
Press: ? - help, Dir - look around, f - activate A wave of flame ripples out!
The flame wave engulfs the ogre!
You kill the ogre!
The flame wave engulfs the black bear.
The black bear is severely wounded. (Press . to intensify the flame waves.)
* * * LOW HITPOINT WARNING * * *
The black bear bites you.
* * * LOW HITPOINT WARNING * * *
The black bear closely misses you. The black bear claws you.
You die...

######################
.....................#
###..........#######.#
...............)@# #.#
.............###h# #.#
.##..........# #.# #)#
.##..........# #.# #.#
.##..........# #.# #.#
.##..........# #.# #†#
(##..........# #.# #.#
.##.[........# #.#
#.#### .##..........#
#.# #....#


You could see a black bear.

Vanquished Creatures
  Prince Ribbit (D:6)
  Menkaure (D:4)
  A water moccasin (D:6)
  A black bear (D:5)
  An ogre (D:4)
  A phantom (D:4)
  2 scorpions
  An orc priest (D:2)
  A gnoll shaman (D:6)
  Natasha (thrice) (D:3)
  An orc wizard (D:2)
  A mummy (D:3)
  A howler monkey skeleton (D:5)
  3 adders
  4 gnolls (D:3)
  3 worms
  2 dart slugs (D:2)
  5 orcs
  8 bats
  2 endoplasms (D:1)
  4 giant cockroaches
  9 goblins
  9 hobgoblins
  4 jackals (D:3)
  7 kobolds
  3 quokkas
  5 ball pythons
  4 frilled lizards
  6 rats
94 creatures vanquished.

Vanquished Creatures (collateral kills)
  A foxfire (D:1)
1 creature vanquished.

Vanquished Creatures (others)
  524 foxfires
524 creatures vanquished.

Grand Total: 619 creatures vanquished

Notes
Turn   | Place    | Note
-------+----------+-------------------------------------------
     0 | D:1      | 101zpm the Djinni Fire Elementalist began the quest for the
                  | Orb.
     0 | D:1      | Reached XP level 1. HP: 15/15 MP: 0/0
    51 | D:3      | Noticed Natasha
    52 | D:3      | Noticed a crimson imp
    58 | D:3      | Noticed a crimson imp
    59 | D:3      | Killed Natasha
    60 | D:3      | Reached skill level 3 in Spellcasting
    60 | D:3      | Reached XP level 2. HP: 12/21 MP: 0/0
    60 | D:3      | Reached XP level 3. HP: 14/25 MP: 0/0
    60 | D:3      | Learned a level 1 spell: Freeze
   180 | D:3      | Noticed Natasha
   183 | D:3      | Killed Natasha
   184 | D:3      | Reached XP level 4. HP: 25/31 MP: 0/0
   342 | D:3      | Identified the +7 short sword of Tenacity {venom, rC+ Int+2
                  | Dex+4}
   659 | D:5      | Entered Level 5 of the Dungeon
   669 | D:6      | Noticed Prince Ribbit
   673 | D:6      | Killed Prince Ribbit
   674 | D:6      | Reached skill level 4 in Spellcasting
   674 | D:6      | Reached XP level 5. HP: 21/35 MP: 0/0
   674 | D:6      | Learned a level 2 spell: Corpse Rot
   674 | D:6      | Reached XP level 6. HP: 24/40 MP: 0/0
   675 | D:6      | Noticed a water moccasin
   678 | D:6      | Killed a water moccasin
   679 | D:6      | Reached skill level 5 in Spellcasting
   679 | D:6      | Reached XP level 7. HP: 20/45 MP: 0/0
   679 | D:6      | Learned a level 2 spell: Searing Ray
  1418 | D:1      | Reached skill level 6 in Spellcasting
  1779 | D:1      | Found a faded altar of an unknown god.
  3268 | D:2      | Reached XP level 8. HP: 40/50 MP: 0/0
  3583 | D:3      | Found a snail-covered altar of Cheibriados.
  4388 | D:3      | Noticed Natasha
  4396 | D:3      | Killed Natasha
  4955 | D:4      | Noticed Menkaure
  4963 | D:4      | Killed Menkaure
  4964 | D:4      | Reached skill level 7 in Spellcasting
  5314 | D:4      | Found a staircase to the Ecumenical Temple.
  5333 | Temple   | Entered the Ecumenical Temple
  5661 | Temple   | Became a worshipper of Hepliaklqana the Forgotten
  5898 | D:4      | HP: 2/50 [black bear (6)]
  5898 | D:4      | Slain by a black bear

Illustrated notes

Levels and vault maps discovered:
D:1:      scummos_arrival_simple_crosswalls, layout_rooms,
          shapermc_ecumenical_altar_gd, dk_noncrumbling_2
D:2:      layout_basic, hex_intersection, nrook_uturn
D:3:      minmay_spotlight, layout_loops_ring, slow_altar_1, uniq_natasha
D:4:      layout_basic, minmay_temple_entry_trees, uniq_menkaure
D:5:      layout_rooms, kennysheep_generic_room_13
D:6:      layout_rooms, uniq_prince_ribbit1
Temple:   mainiacjoe_temple_cubbyholes

Skill      XL: |  1  2  3  4  5  6  7  8 |
---------------+-------------------------+-----
Spellcasting   | 3 4 5 6 7 |  7.0
Dodging        | 3 |  3.3
Stealth        | 2 3 |  3.0

Action                   |  1- 3 |  4- 6 |  7- 9 || total
-------------------------+-------+-------+-------++-------
Melee: Short sword       |       |       |     2 ||     2
 Cast: Foxfire           |    12 |    34 |   289 ||   335
       Scorch            |       |     5 |    16 ||    21
       Inner Flame       |       |     2 |    16 ||    18
       Flame Wave        |       |       |     3 ||     3
Armor: Robe              |       |       |     2 ||     2
Dodge: Dodged            |       |       |    21 ||    21
